 Dungeon Crawl Stone Soup version 0.28-a0-771-g91a516d0e7 (webtiles) character file.

Game seed: 13129891410552117209

58 Essalna the Firebug (level 4, -4/24 HPs)
             Began as a Gargoyle Fire Elementalist on Nov 1, 2021.
             Slain by a phantom (7 damage)
             ... on level 2 of the Dungeon.
             The game lasted 00:02:29 (1891 turns).

Essalna the Firebug (Gargoyle Fire Elementalist)    Turns: 1891, Time: 00:02:29

Health: -4/24      AC:  5    Str: 12    XL:     4   Next: 2%
Magic:  1/8        EV: 11    Int: 16    God:
Gold:   122        SH:  0    Dex: 10    Spells: 7/8 levels left

rFire   . . .      SeeInvis .   e - +1 dagger (venom)
rCold   . . .      Faith    .   (no shield)
rNeg    + . .      Spirit   .   a - +0 robe
rPois   ∞          Reflect  .   (no helmet)
rElec   +          Harm     .   (no cloak)
rCorr   .          Rampage  .   (no gloves)
Will    .....                   (no boots)
Stlth   ++........              (no amulet)
HPRegen 0.08/turn               (no ring)
MPRegen 0.11/turn               (no ring)

@: no status effects
A: sickness immunity, AC +3, negative energy resistance 1, electricity
resistance, torment resistance 1, petrification resistance
a: no special abilities


You were on level 2 of the Dungeon.
You visited 1 branch of the dungeon, and saw 2 of its levels.

You collected 122 gold pieces.

Inventory:

Hand Weapons
 c - a +0 dagger
 e - a +1 dagger of venom (weapon)
 g - a +1 dagger of holy wrath
Armour
 a - a +0 robe (worn)
Scrolls
 f - 5 scrolls of identify {unknown}
 h - a scroll of teleportation {unknown}
 j - a scroll of summoning {unknown}
 k - a scroll of amnesia {unknown}
 l - a scroll of torment {unknown}
 m - a scroll of enchant weapon {unknown}
Potions
 b - a potion of brilliance {unknown}
 d - a potion of berserk rage {unknown}
 i - a potion of curing {unknown}


   Skills:
 - Level 1.5 Dodging
 - Level 2.1 Stealth
 + Level 2.7 Spellcasting
 + Level 2.5 Conjurations
 + Level 3.6 Fire Magic


You had 7 spell levels left.
You knew the following spells:

 Your Spells              Type           Power      Damage    Failure   Level
a - Foxfire               Conj/Fire      48%        2x1d6     5%          1

Your spell library contained the following spells:

 Spells                   Type           Power      Damage    Failure   Level
 Scorch                   Fire           26%        2d6       7%          2
 Conjure Flame            Conj/Fire      12%        6-21      16%         3
 Beastly Appendage        Tmut           4%         N/A       19%         1
 Inner Flame              Hex/Fire       8%         N/A       26%         3
 Wereblood                Tmut           2%         N/A       28%         2
 Flame Wave               Conj/Fire      12%        3d4       47%         4
 Spider Form              Tmut/Pois      1%         N/A       50%         3


Dungeon Overview and Level Annotations

Branches:
Dungeon (2/15)

Altars:


Innate Abilities, Weirdness & Mutations

You are immune to sickness and miasma.
Your stone body is resilient. (AC +3)
You are immune to poison.
You resist negative energy. (rN+)
You are resistant to electric shocks. (rElec)
You are resistant to unholy torment.
You are immune to petrification.


Message History

The foxfire hits the phantom.
The phantom is almost destroyed.
The phantom hits you.
Casting: Foxfire (safe; 5% risk of failure)
Confirm with . or Enter, or press ? or * to list all spells.
You conjure some foxfire!
The phantom barely misses you.
You closely miss the phantom.
The phantom is severely damaged.
The foxfire hits the phantom but does no damage.
The phantom is severely damaged.
The foxfire hits the phantom but does no damage.
The phantom is severely damaged.
The phantom barely misses you.
Casting: Foxfire (safe; 5% risk of failure)
Confirm with . or Enter, or press ? or * to list all spells.
You conjure some foxfire!
The phantom barely misses you.
You barely miss the phantom.
The phantom is severely damaged.
The foxfire hits the phantom.
The phantom is severely damaged.
The foxfire hits the phantom.
The phantom is almost destroyed.
The phantom hits you.
The phantom blinks!
You blink.
Casting: Foxfire (safe; 5% risk of failure)
Confirm with . or Enter, or press ? or * to list all spells.
You conjure some foxfire!
The phantom hits you.
* * * LOW HITPOINT WARNING * * *
You closely miss the phantom.
The phantom is almost destroyed.
The foxfire hits the phantom but does no damage.
The phantom is almost destroyed.
The foxfire hits the phantom.
The phantom is almost destroyed.
The phantom hits you.
* * * LOW HITPOINT WARNING * * *
The phantom blinks!
You blink.
Casting: Foxfire (safe; 5% risk of failure)
Confirm with . or Enter, or press ? or * to list all spells.
You conjure some foxfire!
The phantom hits you!
You die...

.####+####
#.#.......#
#.#.⌠...⌠.#
#.#.......#
.##########.+...⌠...+
............#...@v..#
#####.##....#.⌠.Wv⌠.#
........#...#.......#
#####..###..####'####
#####.## ##......#
#....## ##§...##
#.###.## ##.....#
##.###......#
##.#.##.##.#


You could see a phantom (ally target).

Vanquished Creatures
  2 adders (D:2)
  A worm (D:2)
  2 dart slugs (D:2)
  3 ball pythons
  4 endoplasms
  6 giant cockroaches
  4 hobgoblins
  A quokka (D:1)
  2 bats
  2 frilled lizards (D:2)
  A goblin (D:2)
  3 kobolds (D:1)
  2 rats (D:2)
33 creatures vanquished.

Vanquished Creatures (others)
  101 foxfires
101 creatures vanquished.

Grand Total: 134 creatures vanquished

Notes
Turn   | Place    | Note
-------+----------+-------------------------------------------
     0 | D:1      | Essalna the Gargoyle Fire Elementalist began the quest for
                  | the Orb.
     0 | D:1      | Reached XP level 1. HP: 10/10 MP: 3/3
   214 | D:1      | Reached XP level 2. HP: 15/15 MP: 0/5
  1104 | D:2      | Found a faded altar of an unknown god.
  1243 | D:2      | Reached XP level 3. HP: 19/19 MP: 2/6
  1655 | D:2      | Reached XP level 4. HP: 24/24 MP: 2/8
  1869 | D:2      | Noticed a phantom
  1891 | D:2      | Slain by a phantom

Illustrated notes

Levels and vault maps discovered:
D:1:      tarquinn_simple_flora_water_a, layout_basic
D:2:      layout_loops_ring, chequers_ecumenical_altar_grove, st_stairs_3,
          minmay_misc_feat_ornament, minmay_fountain_box

Skill      XL: |  1  2 |
---------------+-------+-----
Conjurations   | 2 |  2.5
Dodging        | |  1.5
Stealth        | |  2.1
Spellcasting   | |  2.7
Fire Magic     | |  3.6

Action                   |  1- 3 |  4- 6 || total
-------------------------+-------+-------++-------
Melee: Unarmed           |     2 |       ||     2
       Dagger            |    34 |    11 ||    45
 Cast: Foxfire           |    51 |     9 ||    60
 Stab: Sleeping          |     2 |       ||     2
Armor: Robe              |    12 |     4 ||    16
Dodge: Dodged            |    17 |     7 ||    24

Table legend: (Time is in decaauts)
 A = Elapsed time spent in this place.
 B = Non-inter-level travel time spent in this place.
 C = Inter-level travel time spent in this place.
 D = Time resting spent in this place.
 E = Time spent auto-exploring this place.
 F = Levels seen in this place.
 G = Mean time per level.
                   A        B        C        D        E       F      G
               +--------+--------+--------+--------+--------+-----+--------+
         Total |   1889 |   1857 |     32 |      0 |   1612 |   2 |  944.5 |
       Dungeon |   1889 |   1857 |     32 |      0 |   1612 |   2 |  944.5 |
               +--------+--------+--------+--------+--------+-----+--------+

Top non-repeatable levels by time:
     D:1: 953 daAuts
     D:2: 936 daAuts
